 Dungeon Crawl Stone Soup version 0.26-a0-259-g1effd001a9 (webtiles) character file.

Game seed: 5093833284705254824

30 HoaS the Ruffian (level 3, -2/22 HPs)
             Began as a Gargoyle Gladiator on July 28, 2020.
             Slain by a wight
             ... wielding a +0 flail
              (6 damage)
             ... on level 1 of the Dungeon.
             The game lasted 00:02:06 (865 turns).

HoaS the Ruffian (Gargoyle Gladiator)                Turns: 865, Time: 00:02:06

Health: -2/22      AC: 10    Str: 18    XL:     3   Next: 18%
Magic:  3/3        EV: 10    Int:  8    God:
Gold:   36         SH:  0    Dex: 11    Spells: 2/2 levels left

rFire    . . .     SeeInvis .     - Unarmed
rCold    . . .     Faith    .   (no shield)
rNeg     + . .     Spirit   .   e - +0 scale mail
rPois    ∞         Reflect  .   b - +0 helmet
rElec    +         Harm     .   (no cloak)
rCorr    .                      (no gloves)
MR       .....                  (no boots)
Stlth    ..........             (no amulet)
HPRegen  0.07/turn              (no ring)
MPRegen  0.08/turn              (no ring)

@: no status effects
A: negative energy resistance 1, electricity resistance, unbreathing,
petrification resistance, rot immunity, AC +3
a: no special abilities


You were on level 1 of the Dungeon.
You were not hungry.

You visited 1 branch of the dungeon, and saw 2 of its levels.

You collected 36 gold pieces.

Inventory:

Missiles
 a - 4 atropa-tipped darts
 c - 3 throwing nets (quivered)
 j - 5 javelins
Armour
 b - a +0 helmet (worn)
 e - a +0 scale mail (worn)
Scrolls
 h - 2 scrolls of remove curse
 i - a scroll of teleportation
Potions
 f - 2 potions of curing
 g - a potion of flight {unknown}
Comestibles
 d - 6 rations


   Skills:
 + Level 2.8 Fighting
 - Level 1.7 Throwing
 - Level 2.4 Dodging
 * Level 3.8 Unarmed Combat


You had 2 spell levels left.
You didn't know any spells.
Your spell library was empty.

Dungeon Overview and Level Annotations

Branches:
Dungeon (2/15)

Altars:
Nemelex Xobeh


Innate Abilities, Weirdness & Mutations

You are resistant to torment.
Your stone body is resilient. (AC +3)
You are immune to poison.
You resist negative energy. (rN+)
You are resistant to electric shocks. (rElec)
You can survive without breathing.
You are immune to petrification.
You are immune to rotting.


Message History

The wight barely misses you.
You closely miss the wight.
The wight is severely damaged.
The wight hits you but does no damage.
You hit the wight but do no damage.
The wight is severely damaged.
You hit the wight but do no damage.
The wight is severely damaged.
The wight closely misses you.
You hit the wight.
The wight is severely damaged.
The wight hits you with a +0 flail.
* * * LOW HITPOINT WARNING * * *
You hit the wight.
The wight is severely damaged.
The wight misses you.
You barely miss the wight. Your punch misses the wight.
The wight is severely damaged.
The wight hits you with a +0 flail.
You die...

##......#≈....#.##.#####.
#.......#≈≈≈≈≈#..#.##....
#.......'######..#.##....
#................#.##..##
#................#.##..##
#................#.##..#.
#................#.##..#.
##..............##.#...'.
####.....@.......)......##
#.......z>.########.##..##
#..........# #.##....
#..........########.##....
#.........................
#.........................
#.........#######.....####
#.........## ##....## #.
#......)...#####.....####.


You could see a wight.

Vanquished Creatures
  2 oozes
  A dart slug (D:1)
  5 bats
  5 goblins (D:1)
  2 hobgoblins (D:1)
  A frilled lizard (D:1)
  3 rats (D:1)
19 creatures vanquished.

Notes
Turn   | Place    | Note
-------+----------+-------------------------------------------
     0 | D:1      | HoaS the Gargoyle Gladiator began the quest for the Orb.
     0 | D:1      | Reached XP level 1. HP: 12/12 MP: 1/1
   136 | D:1      | Reached XP level 2. HP: 18/18 MP: 2/2
   180 | D:1      | Found a sparkling altar of Nemelex Xobeh.
   476 | D:2      | Reached XP level 3. HP: 22/22 MP: 3/3
   747 | D:2      | Found a faded altar of an unknown god.
   865 | D:1      | Slain by a wight

Illustrated notes

Levels and vault maps discovered:
D:1:      minmay_arrival_stone_box, layout_rooms, serial_rivers,
          chequers_serial_rivers_micro_b, chequers_serial_rivers_room_b,
          chequers_serial_rivers_micro_d, chequers_serial_rivers_room_a,
          minivault_19, nemelex_xobeh_ov_fountains_minmay
D:2:      layout_rooms, chequers_ecumenical_altar_simple_redux,
          kennysheep_generic_room_2

Action                   || total
-------------------------++-------
Melee: Unarmed           ||   113
       Punch             ||     1
  Use: Scroll            ||     4
Armor: Leather armour    ||    46
       Scale mail        ||    10
Dodge: Dodged            ||    71

Table legend:
 A = Non-vault XP
 B = Vault XP
 C = Vault XP percentage of total XP
 D = Non-vault monster count
 E = Vault monster count
 F = Vault count percentage of total count
                 A         B        C        D         E       F
            +---------+---------+-------+---------+---------+-------
      Total |      43 |       0 |   0.0 |      19 |       0 |   0.0
            +---------+---------+-------+---------+---------+-------
        D:1 |      30 |       0 |   0.0 |      14 |       0 |   0.0
        D:2 |      13 |       0 |   0.0 |       5 |       0 |   0.0
            +---------+---------+-------+---------+---------+-------
